PAAA
BANGOR TRIDENT BASE OGRES @ OCEANSIDE AVIATORS
05/18/2020
 
TOP OF THE 1ST
Bangor Trident Base Ogres batting - Pitching for Oceanside Aviators : RHP Harris Howard
Pitching: RHP Harris Howard
Batting: RHB Jim Unknown 0-0: Fly out, F8 (Flyball, 8RM)
Batting: RHB Jim Unknown 0-0: Swinging Strike
0-1: Foul Ball, location: 2F
0-2: Strikes out swinging
Batting: RHB Jim Unknown 0-0: Ball
1-0: Ball
2-0: Foul Ball, location: 2F
2-1: Called Strike
2-2: Foul Ball, location: 2F
2-2: Ball
3-2: Base on Balls
Batting: RHB Jim Unknown 0-0: Called Strike
0-1: Fly out, F7 (Flyball, 78S)
Top of the 1st over - 0 run(s), 0 hit(s), 0 error(s), 1 left on base; Bangor Trident Base 0 - Oceanside 0
BOTTOM OF THE 1ST
Oceanside Aviators batting - Pitching for Bangor Trident Base Ogres : RHP Jim Unknown
Pitching: RHP Jim Unknown
Batting: RHB Dan Mendoza 0-0: Ball
1-0: Ground out 6-3 (Groundball, 6M)
Batting: RHB Pepe Medina 0-0: Ball
1-0: Ball
2-0: Called Strike
2-1: Foul Ball, location: 2F
2-2: Ball
3-2: Foul Ball, location: 2F
3-2: Foul Ball, location: 2F
3-2: Foul Ball, location: 2F
3-2: Foul Ball, location: 2F
3-2: Foul Ball, location: 2F
3-2: Strikes out looking
Batting: RHB Bernardo Herrera 0-0: Ball
1-0: Foul Ball, location: 2F
1-1: Swinging Strike
1-2: Ball
2-2: Strikes out swinging
Bottom of the 1st over - 0 run(s), 0 hit(s), 0 error(s), 0 left on base; Bangor Trident Base 0 - Oceanside 0
TOP OF THE 2ND
Bangor Trident Base Ogres batting - Pitching for Oceanside Aviators : RHP Harris Howard
Batting: RHB Jim Unknown 0-0: Ball
1-0: Called Strike
1-1: Ball
2-1: Ground out U3 (Groundball, 3)
Batting: LHB Jim Unknown 0-0: Ball
1-0: Called Strike
1-1: Ball
2-1: Called Strike
2-2: Strikes out looking
Batting: RHB Jim Unknown 0-0: Called Strike
0-1: Foul Ball, location: 2F
0-2: Foul Ball, location: 2F
0-2: Foul Ball, location: 2F
0-2: Ball
1-2: Ball
2-2: Foul Ball, location: 2F
2-2: Foul Ball, location: 2F
2-2: SINGLE (Groundball, 6MD)
Batting: RHB Jim Unknown 0-0: Ball
1-0: Ball
2-0: Ball
3-0: Called Strike
3-1: Called Strike
3-2: Fly out, F5 (Line Drive, 56)
Top of the 2nd over - 0 run(s), 1 hit(s), 0 error(s), 1 left on base; Bangor Trident Base 0 - Oceanside 0
BOTTOM OF THE 2ND
Oceanside Aviators batting - Pitching for Bangor Trident Base Ogres : RHP Jim Unknown
Batting: LHB Bartolo Benítez 0-0: Swinging Strike
0-1: Ball
1-1: Called Strike
1-2: Strikes out swinging, 2-3 out at first.
Batting: RHB Juan Tapia 0-0: Ball
1-0: Ball
2-0: Ball
3-0: Called Strike
3-1: Foul Ball, location: 2F
3-2: Foul Ball, location: 2F
3-2: Foul Ball, location: 2F
3-2: SINGLE (Popup, 6MD)
Batting: RHB César Medrano 0-0: Foul Ball, location: 2F
0-1: Called Strike
0-2: SINGLE (Line Drive, 6D)
Juan Tapia to second
Batting: SHB Michael Coleman 0-0: Called Strike
0-1: Ball
1-1: Foul Ball, location: 2F
1-2: Ball
2-2: SINGLE (Groundball, 6M)
Juan Tapia to third
César Medrano to second
Runner from 3rd tries for Home, SAFE, throw made home
César Medrano to third
Michael Coleman to second
Batting: RHB Mike Burns 0-0: Called Strike
0-1: Ball
1-1: Ball
2-1: Called Strike
2-2: Strikes out swinging
Batting: RHB Jackson Shewman 0-0: Foul Ball, location: 2F
0-1: Swinging Strike
0-2: Strikes out swinging
Bottom of the 2nd over - 1 run(s), 3 hit(s), 0 error(s), 2 left on base; Bangor Trident Base 0 - Oceanside 1
TOP OF THE 3RD
Bangor Trident Base Ogres batting - Pitching for Oceanside Aviators : RHP Harris Howard
Batting: LHB Jim Unknown 0-0: Ball
1-0: Ground out 6-3 (Groundball, 6M)
Batting: RHB Jim Unknown 0-0: Called Strike
0-1: Ball
1-1: Ball
2-1: Ground out 5-3 (Groundball, 56)
Batting: RHB Jim Unknown 0-0: Called Strike
0-1: Foul Ball, location: 2F
0-2: SINGLE (Line Drive, 7S)
Batting: RHB Jim Unknown 0-0: Ball
1-0: Called Strike
1-1: Called Strike
1-2: Strikes out swinging
Top of the 3rd over - 0 run(s), 1 hit(s), 0 error(s), 1 left on base; Bangor Trident Base 0 - Oceanside 1
BOTTOM OF THE 3RD
Oceanside Aviators batting - Pitching for Bangor Trident Base Ogres : RHP Jim Unknown
Batting: RHB Dan Mendoza 0-0: Called Strike
0-1: Foul Ball, location: 2F
0-2: Ball
1-2: Strikes out swinging
Batting: RHB Pepe Medina 0-0: Ball
1-0: Called Strike
1-1: Reached on error, E5 (Groundball, 5)
Batting: RHB Bernardo Herrera 0-0: Called Strike
Pickoff Throw to First - Out!
0-1: Foul Ball, location: 2F
0-2: Foul Ball, location: 2F
0-2: Ball
1-2: Strikes out looking
Bottom of the 3rd over - 0 run(s), 0 hit(s), 1 error(s), 0 left on base; Bangor Trident Base 0 - Oceanside 1
TOP OF THE 4TH
Bangor Trident Base Ogres batting - Pitching for Oceanside Aviators : RHP Harris Howard
Batting: RHB Jim Unknown 0-0: Swinging Strike
0-1: Called Strike
0-2: Ball
1-2: TRIPLE (Flyball, 7D)
Batting: RHB Jim Unknown 0-0: Ball
1-0: Ground out 5-3 (Groundball, 5L)
Batting: LHB Jim Unknown 0-0: Ball
1-0: Ball
2-0: Ball
3-0: Called Strike
3-1: Swinging Strike
3-2: Foul Ball, location: 2F
3-2: Base on Balls
Batting: RHB Jim Unknown 0-0: Called Strike
0-1: Ball
1-1: Ball
2-1: Grounds into double play, 6-4-3 (Groundball, 6)
Top of the 4th over - 0 run(s), 1 hit(s), 0 error(s), 1 left on base; Bangor Trident Base 0 - Oceanside 1
BOTTOM OF THE 4TH
Oceanside Aviators batting - Pitching for Bangor Trident Base Ogres : RHP Jim Unknown
Batting: LHB Bartolo Benítez 0-0: Called Strike
0-1: Fly out, F7 (Flyball, 7S)
Batting: RHB Juan Tapia 0-0: Ground out 5-3 (Groundball, 5S)
Batting: RHB César Medrano 0-0: SINGLE (Line Drive, 7S)
Batting: SHB Michael Coleman 0-0: Foul Ball, location: 2F
0-1: Ball
Wild Pitch!
César Medrano to second
1-1: Ball
2-1: Swinging Strike
2-2: Strikes out swinging
Bottom of the 4th over - 0 run(s), 1 hit(s), 0 error(s), 1 left on base; Bangor Trident Base 0 - Oceanside 1
TOP OF THE 5TH
Bangor Trident Base Ogres batting - Pitching for Oceanside Aviators : RHP Harris Howard
Batting: RHB Jim Unknown 0-0: Ball
1-0: Called Strike
1-1: Ball
2-1: Ball
3-1: Base on Balls
Batting: LHB Jim Unknown 0-0: Swinging Strike
0-1: Sac Bunt - play at first, batter OUT! 1-3
Jim Unknown to second
Batting: RHB Jim Unknown 0-0: Called Strike
0-1: Foul Ball, location: 2F
0-2: Strikes out swinging
Batting: RHB Jim Unknown 0-0: Ball
1-0: SINGLE (Groundball, 56D)
Jim Unknown to third
Runner from 3rd tries for Home, SAFE, throw made home
Batting: RHB Jim Unknown 0-0: Called Strike
0-1: Ball
1-1: DOUBLE (Line Drive, 7D)
Jim Unknown to third
Batting: RHB Jim Unknown 0-0: Ball
1-0: Ball
2-0: Called Strike
2-1: Foul Ball, location: 2F
2-2: Strikes out swinging
Top of the 5th over - 1 run(s), 2 hit(s), 0 error(s), 2 left on base; Bangor Trident Base 1 - Oceanside 1
BOTTOM OF THE 5TH
Oceanside Aviators batting - Pitching for Bangor Trident Base Ogres : RHP Jim Unknown
Batting: RHB Mike Burns 0-0: Fly out, F7 (Flyball, 78M)
Batting: RHB Jackson Shewman 0-0: SINGLE (Line Drive, 4M)
Batting: RHB Dan Mendoza 0-0: Fly out, F9 (Flyball, 9M)
Batting: RHB Pepe Medina 0-0: Ground out 4-3 (Groundball, 4)
Bottom of the 5th over - 0 run(s), 1 hit(s), 0 error(s), 1 left on base; Bangor Trident Base 1 - Oceanside 1
TOP OF THE 6TH
Bangor Trident Base Ogres batting - Pitching for Oceanside Aviators : RHP Harris Howard
Batting: RHB Jim Unknown 0-0: Foul Ball, location: 2F
0-1: Swinging Strike
0-2: Strikes out swinging
Batting: LHB Jim Unknown 0-0: Called Strike
0-1: Fly out, F8 (Flyball, 89XD)
Batting: RHB Jim Unknown 0-0: Ball
1-0: Ball
2-0: Called Strike
2-1: Foul Ball, location: 2F
2-2: Foul Ball, location: 2F
2-2: Foul Ball, location: 2F
2-2: Strikes out swinging
Top of the 6th over - 0 run(s), 0 hit(s), 0 error(s), 0 left on base; Bangor Trident Base 1 - Oceanside 1
BOTTOM OF THE 6TH
Oceanside Aviators batting - Pitching for Bangor Trident Base Ogres : RHP Jim Unknown
Batting: RHB Bernardo Herrera 0-0: Ball
1-0: SINGLE (Groundball, 34D) (infield hit)
Batting: LHB Bartolo Benítez 0-0: Ball
1-0: Fly out, F7 (Line Drive, 7S)
Batting: RHB Juan Tapia 0-0: Ball
1-0: Foul Ball, location: 2F
1-1: Foul Ball, location: 2F
1-2: Strikes out swinging
Batting: RHB César Medrano 0-0: Ball
Bernardo Herrera steals 2nd base
1-0: Swinging Strike
1-1: Swinging Strike
1-2: Ball
2-2: Strikes out swinging
Bottom of the 6th over - 0 run(s), 1 hit(s), 0 error(s), 1 left on base; Bangor Trident Base 1 - Oceanside 1
TOP OF THE 7TH
Bangor Trident Base Ogres batting - Pitching for Oceanside Aviators : RHP Harris Howard
Batting: RHB Jim Unknown 0-0: Ball
1-0: Ball
2-0: Called Strike
2-1: Foul Ball, location: 2F
2-2: Strikes out swinging
Pitching: RHP Richard Brown
Batting: LHB Jim Unknown 0-0: Ball
1-0: Called Strike
1-1: Swinging Strike
1-2: Ground out 4-3 (Groundball, 4M)
Batting: RHB Jim Unknown 0-0: Ball
1-0: Called Strike
1-1: Ball
2-1: Foul Ball, location: 2F
2-2: Ball
3-2: Strikes out swinging
Top of the 7th over - 0 run(s), 0 hit(s), 0 error(s), 0 left on base; Bangor Trident Base 1 - Oceanside 1
BOTTOM OF THE 7TH
Oceanside Aviators batting - Pitching for Bangor Trident Base Ogres : RHP Jim Unknown
Pinch Hitting: RHB Jason Shaffer 0-0: Ball
1-0: Ball
2-0: Foul Ball, location: 2F
2-1: Foul Ball, location: 2F
2-2: Ground out 5-3 (Groundball, 56)
Batting: RHB Mike Burns 0-0: Ball
1-0: Ball
2-0: Ball
3-0: Called Strike
3-1: Ground out 6-3 (Groundball, 6)
Pinch Hitting: LHB Jason Tagwerker 0-0: Called Strike
0-1: Ball
1-1: Ground out 5-3 (Groundball, 56)
Bottom of the 7th over - 0 run(s), 0 hit(s), 0 error(s), 0 left on base; Bangor Trident Base 1 - Oceanside 1
TOP OF THE 8TH
Bangor Trident Base Ogres batting - Pitching for Oceanside Aviators : RHP Richard Brown
Now at 3B: Ludovico Bluemel
Now in RF: Jason Tagwerker
Batting: RHB Jim Unknown 0-0: Foul Ball, location: 2F
0-1: Ball
1-1: Called Strike
1-2: Foul Ball, location: 2F
1-2: Ball
2-2: Strikes out swinging
Batting: RHB Jim Unknown 0-0: SOLO HOME RUN (Flyball, 7LD), Distance : 346 ft
Batting: RHB Jim Unknown 0-0: Ground out 5-3 (Groundball, 5S)
Batting: RHB Jim Unknown 0-0: Ball
1-0: Foul Ball, location: 2F
1-1: Swinging Strike
1-2: Ball
2-2: DOUBLE (Line Drive, 7LM)
Batting: LHB Jim Unknown 0-0: Called Strike
0-1: Called Strike
0-2: Ball
1-2: Foul Ball, location: 2F
1-2: Ball
2-2: Foul Ball, location: 2F
2-2: Ground out 4-3 (Groundball, 4)
Top of the 8th over - 1 run(s), 2 hit(s), 0 error(s), 1 left on base; Bangor Trident Base 2 - Oceanside 1
BOTTOM OF THE 8TH
Oceanside Aviators batting - Pitching for Bangor Trident Base Ogres : RHP Jim Unknown
Batting: RHB Dan Mendoza 0-0: Fly out, F8 (Line Drive, 8RM)
Batting: RHB Pepe Medina 0-0: Ball
1-0: Ball
2-0: SOLO HOME RUN (Flyball, 7D), Distance : 400 ft
Pitching: LHP Jim Unknown
Batting: RHB Bernardo Herrera 0-0: SINGLE (Groundball, 34D)
Batting: LHB Bartolo Benítez 0-0: Ball
Bernardo Herrera steals 2nd base
1-0: SINGLE (Line Drive, 4M)
Bernardo Herrera to third
Runner from 3rd tries for Home, SAFE, no throw or cutoff
Batting: RHB Juan Tapia 0-0: Ball
1-0: Called Strike
1-1: Grounds into double play, 6-4-3 (Groundball, 6D)
Bottom of the 8th over - 2 run(s), 3 hit(s), 0 error(s), 0 left on base; Bangor Trident Base 2 - Oceanside 3
TOP OF THE 9TH
Bangor Trident Base Ogres batting - Pitching for Oceanside Aviators : RHP Richard Brown
Pitching: RHP Oliver Andrews
Now at 1B: José Rivera
Pinch Hitting: LHB Jim Unknown 0-0: Swinging Strike
0-1: Foul Ball, location: 2F
0-2: Ball
1-2: Fly out, F8 (Flyball, 8RM)
Batting: RHB Jim Unknown 0-0: SINGLE (Groundball, 56)
Batting: LHB Jim Unknown 0-0: Swinging Strike
0-1: 2-RUN HOME RUN (Flyball, 9D), Distance : 384 ft
Pitching: RHP Jim Unknown
Batting: RHB Jim Unknown 0-0: Ball
1-0: Called Strike
1-1: Foul Ball, location: 2F
1-2: Ground out 5-3 (Groundball, 56)
Batting: RHB Jim Unknown 0-0: Ball
1-0: Ball
2-0: Ball
3-0: Base on Balls
Batting: RHB Jim Unknown 0-0: Called Strike
0-1: Ball
1-1: Foul Ball, location: 2F
1-2: Foul Ball, location: 2F
1-2: SINGLE (Line Drive, 56)
Jim Unknown to second
Batting: RHB Jim Unknown 0-0: Swinging Strike
0-1: Ball
1-1: Called Strike
1-2: Strikes out looking
Top of the 9th over - 2 run(s), 3 hit(s), 0 error(s), 2 left on base; Bangor Trident Base 4 - Oceanside 3
BOTTOM OF THE 9TH
Oceanside Aviators batting - Pitching for Bangor Trident Base Ogres : LHP Jim Unknown
Pitching: RHP Jim Unknown
Now in LF: Jim Unknown
Batting: RHB César Medrano 0-0: Ball
1-0: Foul Ball, location: 2F
1-1: Called Strike
1-2: Foul Ball, location: 2F
1-2: Foul Ball, location: 2F
1-2: Ball
2-2: SINGLE (Flyball, 7LS)
Batting: SHB Ludovico Bluemel 0-0: Bunted foul
0-1: Sac Bunt - play at first, batter OUT! 3-4
César Medrano to second
Batting: RHB Mike Burns 0-0: Fly out, F7 (Flyball, 78M)
Batting: LHB Jason Tagwerker 0-0: Called Strike
0-1: Swinging Strike
0-2: Ball
1-2: Ground out 4-3 (Groundball, 6M)
Bottom of the 9th over - 0 run(s), 1 hit(s), 0 error(s), 1 left on base; Bangor Trident Base 4 - Oceanside 3
This league is powered by Out of the Park Baseball, the baseball management simulation game for PC, Mac and Linux
Friday, October 23rd, 2015 - OOTP Baseball 16.9 Build 39